 Dungeon Crawl Stone Soup version 0.32-a0-473-gd044c6f0f0 (webtiles) character file.

Game seed: 8606185242631298338

4 horus123 the Cudgeller (level 1, 0/19 HPs)
             Began as a Mountain Dwarf Monk on Feb 26, 2024.
             Slain by a quokka (4 damage)
             ... on level 1 of the Dungeon.
             The game lasted 00:00:19 (49 turns).

horus123 the Cudgeller (Mountain Dwarf Monk)          Turns: 49, Time: 00:00:20

Health: 0/19       AC:  2    Str: 13    XL:     1   Next: 50%
Magic:  1/1        EV: 12    Int: 10    God:
Gold:   7          SH:  0    Dex: 12    Spells: 0/0 levels left

rFire   . . .        a - +0 mace
rCold   . . .        d - orb {light}
rNeg    . . .        b - +0 robe
rPois   .            (no helmet)
rElec   .            (no cloak)
rCorr   .            (no gloves)
SInv    .            (no boots)
Will    .....        (no amulet)
Stlth   +            (no ring)
HPRegen 0.23/turn    (no ring)
MPRegen 0.07/turn

%: no passive effects
@: glowing
A: runic magic, artefact enchanting
a: no special abilities


You were on level 1 of the Dungeon.
You visited 1 branch of the dungeon, and saw 1 of its levels.

You collected 7 gold pieces.

Inventory:

Hand Weapons
 a - a +0 mace (weapon)
Armour
 b - a +0 robe (worn)
 d - an orb of light (worn)
Scrolls
 e - a scroll of identify {unknown}
Potions
 c - a potion of ambrosia


   Skills:
 - Level 3.2 Fighting
 + Level 4.0 Maces & Flails
 - Level 2.1 Dodging


You couldn't memorise any spells.
You didn't know any spells.
Your spell library was empty.

Dungeon Overview and Level Annotations

Branches:
Dungeon (1/15)

Altars:


Innate Abilities, Weirdness & Mutations

Your spellcasting is much less encumbered by armour.
You can use scrolls of enchantment on lesser artefacts.


Message History

HP restored.
You now have 7 gold pieces.
e - a scroll labelled NYTAUFOPRU No target in view! 2 kobolds come into view.
The kobold shouts! x2
The kobold throws a stone.
The stone closely misses you.
An endoplasm comes into view.
The kobold throws a stone.
The stone closely misses you.
The endoplasm quivers.
The kobold throws a stone.
The stone hits you.
You sock the kobold!
You kill the kobold!
A quokka comes into view.
A ball python comes into view.
Your Maces & Flails skill increases to level 4!
The ball python hisses angrily.
The endoplasm freezes you.
You are frozen.
The kobold throws a stone.
The stone hits you but does no damage.
You hit the endoplasm but do no damage. The endoplasm barely misses you.
You completely miss the endoplasm.
The kobold throws a stone.
The stone barely misses you. The endoplasm freezes you.
You are frozen.
The endoplasm completely misses you.
You hit the endoplasm but do no damage.
The kobold throws a stone.
The stone barely misses you. The endoplasm closely misses you.
You hit the endoplasm.
The endoplasm is severely wounded.
The ball python completely misses you. The ball python misses you.
The endoplasm freezes you.
You are frozen.
The kobold throws a stone.
The stone hits you. The ball python closely misses you.
The ball python grabs you. The ball python constricts you.
You are too injured to fight recklessly!
You escape the ball python's grasp.
The endoplasm freezes you.
You are frozen.
* * * LOW HITPOINT WARNING * * *
The quokka attacks as it pursues you! The quokka bites you.
You die...

##..........
...#......#
###............
..............
#............. #.
###..#...##.##.. #
###.#.#.J.......... .#
.......rSK.......#...#
.......@.#...#.#.#...#
.#.##.#.##............
. ..................#
#.##.#####..#.#.#.#.#
# ## #..#.#.#.#.###
####.............
.................
####..#.......##.
.....#####.†....


You could see an endoplasm, a quokka, a ball python and a kobold.

Vanquished Creatures
  A ball python (D:1)
  An endoplasm (D:1)
  A kobold (D:1)
3 creatures vanquished.

Notes
Turn   | Place    | Note
-------+----------+-------------------------------------------
     0 | D:1      | horus123 the Mountain Dwarf Monk began the quest for the
                  | Orb.
     0 | D:1      | Reached XP level 1. HP: 19/19 MP: 1/1
    42 | D:1      | Reached skill level 4 in Maces & Flails
    49 | D:1      | Slain by a quokka

Illustrated notes

Levels and vault maps discovered:
D:1:      scummos_arrival_simple_fountains, layout_basic, serial_shops,
          nicolae_shop_pleasant_corner_grove, minmay_heptomino_h4

Skill      XL: |  1 |
---------------+----+-----
Maces & Flails | 4 |  4.0
Fighting       | |  3.2
Dodging        | |  2.1

Action                     || total
---------------------------++-------
  Melee: Mace              ||    12
 Armour: Robe              ||     8
  Dodge: Dodged            ||    13

Table legend: (Time is in decaauts)
 A = Elapsed time spent in this place.
 B = Non-inter-level travel time spent in this place.
 C = Inter-level travel time spent in this place.
 D = Time resting spent in this place.
 E = Time spent auto-exploring this place.
 F = Levels seen in this place.
 G = Mean time per level.
                   A        B        C        D        E       F      G
               +--------+--------+--------+--------+--------+-----+--------+
         Total |     51 |     51 |      0 |      0 |     25 |   1 |   51.0 |
       Dungeon |     51 |     51 |      0 |      0 |     25 |   1 |   51.0 |
               +--------+--------+--------+--------+--------+-----+--------+

Top non-repeatable levels by time:
     D:1: 51 daAuts
